 Dungeon Crawl Stone Soup version 0.29.0-4-gdea44cf6ec (webtiles) character file.

Game seed: 8286554120248705806

77 qw the Sneak (level 4, -1/28 HPs)
             Began as a Gargoyle Delver on Sept 10, 2022.
             Slain by an ice beast (14 damage)
             ... on level 5 of the Dungeon.
             The game lasted 00:00:02 (127 turns).

qw the Sneak (Gargoyle Delver)                       Turns: 127, Time: 00:00:03

Health: -1/28      AC:  6    Str: 17    XL:     4   Next: 33%
Magic:  4/4        EV: 11    Int: 11    God:
Gold:   0          SH:  0    Dex: 11    Spells: 3/3 levels left

rFire   . . .      SeeInvis .   a - +0 hand axe
rCold   . . .      Faith    .   (no shield)
rNeg    + . .      Spirit   .   b - +0 leather armour
rPois   inf        Reflect  .   (no helmet)
rElec   +          Harm     .   (no cloak)
rCorr   .          Rampage  .   (no gloves)
Will    .....                   (no boots)
Stlth   +++.......              (no amulet)
HPRegen 0.09/turn               (no ring)
MPRegen 0.09/turn               (no ring)

@: no status effects
A: sickness immunity, AC +3, negative energy resistance 1, electricity
resistance, torment resistance 1, petrification resistance
a: no special abilities


You were on level 5 of the Dungeon.
You visited 1 branch of the dungeon, and saw 1 of its levels.


Innate Abilities, Weirdness & Mutations

You are immune to sickness and miasma.
Your stone body is resilient. (AC +3)
You are immune to poison.
You resist negative energy. (rN+)
You are resistant to electric shocks. (rElec)
You are resistant to unholy torment.
You are immune to petrification.


   Skills:
 - Level 3.2 Fighting
 + Level 4.0 Axes
 - Level 1.5 Dodging
 - Level 5.4 Stealth


You had 3 spell levels left.
You didn't know any spells.
Your spell library was empty.

Inventory:

Hand Weapons
 a - a +0 hand axe (weapon)
Armour
 b - a +0 leather armour (worn)
Wands
 g - a wand of digging (3)
Scrolls
 c - a scroll of fog
 d - a scroll of magic mapping
 e - a scroll of fear
Potions
 f - 2 potions of haste

Dungeon Overview and Level Annotations

Branches:
Dungeon (5/15)
 Temple: D:4-7

Altars:


Message History

The howler monkey hits you but does no damage.
You hit the howler monkey.
The howler monkey is heavily wounded.
The howler monkey hoots and howls with incredible vigour!
The howler monkey hits you but does no damage.
You hear an angry hiss.
You hear a bark!
You hit the howler monkey but do no damage.
The howler monkey is heavily wounded.
The howler monkey barely misses you.
You hit the howler monkey.
The howler monkey is heavily wounded.
The howler monkey barely misses you.
You barely miss the howler monkey.
The howler monkey is heavily wounded.
The howler monkey hits you but does no damage.
The howler monkey barely misses you.
You hit the howler monkey.
The howler monkey is almost dead.
The howler monkey closely misses you.
You barely miss the howler monkey.
The howler monkey is almost dead.
The howler monkey completely misses you.
You closely miss the howler monkey.
The howler monkey is almost dead.
The howler monkey barely misses you.
The howler monkey hits you but does no damage.
You barely miss the howler monkey.
The howler monkey is almost dead.
The howler monkey barely misses you.
You hit the howler monkey.
You kill the howler monkey!
Your Axes skill increases to level 4!
You have reached level 4!
You feel clever.
You start resting.
You hear the slow rusting of a distant drain. x2
An ice beast comes into view.
125 ||| Stepping ~*~*~tactically~*~*~ (stealth).
You closely miss the ice beast. The ice beast hits you.
The ice beast freezes you!
Ouch! That really hurt!
You die...

. ##+#### ...
#.....#.....
#...>...)...
####...###+##+#
#......#.....#
#.######.$...#
#.# #@.'#
#.###Y##..#
#.....# ..#
####### ..# ..+
..# ..# .h#


You could see an ice beast.

Vanquished Creatures
  2 howler monkeys (D:5)
2 creatures vanquished.

Notes
Turn   | Place    | Note
-------+----------+-------------------------------------------
     0 | D:5      | qw the Gargoyle Delver began the quest for the Orb.
     0 | D:5      | Reached XP level 1. HP: 14/14 MP: 1/1
     0 | D:5      | 0 ||| qw: Version: 0.1-a-116-g5d60599
     0 | D:5      | 0 ||| qw: Game counter: 8247
     0 | D:5      | 0 ||| qw: Always use a shield: true
     0 | D:5      | 0 ||| qw: God list: Okawaru
     0 | D:5      | 0 ||| qw: Allow faded altars: false
     0 | D:5      | 0 ||| qw: Do Orc after D:15 true
     0 | D:5      | 0 ||| qw: Do second Lair branch before Depths: true
     0 | D:5      | 0 ||| qw: Lair rune preference: random
     0 | D:5      | 0 ||| qw: Plans: Normal
     0 | D:5      | 0 ||| PLANNING D:1-11
    19 | D:5      | Noticed a howler monkey
    20 | D:5      | Noticed a howler monkey
    21 | D:5      | 21 ||| Stepping ~*~*~tactically~*~*~ (stealth).
    29 | D:5      | Killed a howler monkey
    30 | D:5      | Reached skill level 3 in Axes
    30 | D:5      | Reached XP level 2. HP: 7/19 MP: 2/2
    30 | D:5      | Reached XP level 3. HP: 8/23 MP: 3/3
    31 | D:5      | HP: 4/23 [howler monkey (3)]
    42 | D:5      | Reached XP level 4. HP: 6/28 MP: 4/4
   124 | D:5      | Noticed an ice beast
   125 | D:5      | 125 ||| Stepping ~*~*~tactically~*~*~ (stealth).
   127 | D:5      | Slain by an ice beast

Levels and vault maps discovered:
D:5:      layout_basic, mainiacjoe_overflow_24_doors, trog_butcher_becter,
          cheibrodos_sewer_entry_sluice, uniq_prince_ribbit1

Skill      XL: |  1  2  3 |
---------------+----------+-----
Axes           | 3 4 |  4.0
Fighting       | |  3.2
Dodging        | |  1.5
Stealth        | |  5.4

Action                   |  1- 3 |  4- 6 || total
-------------------------+-------+-------++-------
Melee: Hand axe          |    19 |     1 ||    20
Armor: Leather armour    |     6 |       ||     6
Dodge: Dodged            |    11 |       ||    11

Table legend:
 A = Non-vault XP
 B = Vault XP
 C = Vault XP percentage of total XP
 D = Non-vault monster count
 E = Vault monster count
 F = Vault count percentage of total count
                 A         B        C        D         E       F
            +---------+---------+-------+---------+---------+-------
      Total |     110 |       0 |   0.0 |       2 |       0 |   0.0
            +---------+---------+-------+---------+---------+-------
        D:5 |     110 |       0 |   0.0 |       2 |       0 |   0.0
            +---------+---------+-------+---------+---------+-------
